 Dungeon Crawl Stone Soup version 0.30-a0-799-g109b55a442 (webtiles) character file.

Game seed: 6021600120574274487

36 dolemite99 the Shooter (level 3, 0/30 HPs)
             Began as a Hill Orc Hunter on Feb 21, 2023.
             Slain by an adder (2 damage)
             ... on level 2 of the Dungeon.
             The game lasted 00:00:45 (949 turns).

dolemite99 the Shooter (Hill Orc Hunter)             Turns: 949, Time: 00:00:46

Health: 0/30       AC:  3    Str: 13    XL:     3   Next: 37%
Magic:  3/3        EV: 11    Int:  9    God:
Gold:   51         SH:  0    Dex: 16    Spells: 2/2 levels left

rFire   . . .      SeeInvis .    a - +0 shortbow
rCold   . . .      Faith    .    (shield currently unavailable)
rNeg    . . .      Spirit   .    c - +0 leather armour
rPois   .          Reflect  .    (no helmet)
rElec   .          Harm     .    (no cloak)
rCorr   .          Rampage  .    (no gloves)
Will    .....                    (no boots)
Stlth   +                        (no amulet)
HPRegen 0.25/turn                (no ring)
MPRegen 0.08/turn                (no ring)

@: lethally poisoned (0 -> -2)
A: no striking features
a: no special abilities


You were on level 2 of the Dungeon.
You visited 1 branch of the dungeon, and saw 2 of its levels.

You collected 51 gold pieces.

Inventory:

Hand Weapons
 a - a +0 shortbow (weapon)
Armour
 c - a +0 leather armour (worn)
 e - a +0 pair of boots
Scrolls
 b - a scroll of immolation
 h - a scroll of identify {unknown}
 l - a scroll of blinking {unknown}
Potions
 d - 2 potions of degeneration {unknown}
 f - a potion of cancellation {unknown}
 g - a potion of attraction {unknown}
 i - a potion of curing {unknown}
 j - a potion of brilliance {unknown}
 k - a potion of ambrosia {unknown}


   Skills:
 - Level 2.4 Fighting
 + Level 4.6 Ranged Weapons
 - Level 1.5 Dodging
 - Level 0.7 Stealth


You had 2 spell levels left.
You didn't know any spells.
Your spell library was empty.

Dungeon Overview and Level Annotations

Branches:
Dungeon (2/15)

Altars:


Message History

The adder poisons you!
You shoot an arrow. The arrow hits the adder.
The adder is lightly wounded.
You feel sick. The adder barely misses you.
The adder bites you but does no damage.
You shoot an arrow. The arrow closely misses the adder.
The arrow hits the jackal.
The jackal is heavily wounded.
You feel sick. The adder closely misses you.
You shoot an arrow. The arrow closely misses the adder.
The arrow barely misses the jackal.
You feel sick.
The adder bites you but does no damage. x2
You shoot an arrow.
The arrow hits the adder but does no damage.
The adder is lightly wounded.
You feel sick. The adder misses you. The adder completely misses you.
You shoot an arrow. The arrow misses the adder.
The arrow closely misses the jackal.
You feel sick.
You are no longer poisoned.
The adder bites you. The adder bites you but does no damage.
You shoot an arrow. The arrow closely misses the adder.
The arrow hits the jackal!
You kill the jackal!
The adder closely misses you.
You shoot an arrow. The arrow hits the adder.
The adder is heavily wounded.
The adder closely misses you. The adder bites you.
You shoot an arrow. The arrow completely misses the adder.
The adder bites you.
You shoot an arrow. The arrow closely misses the adder.
The adder bites you.
You are poisoned.
The adder poisons you! The adder misses you.
You shoot an arrow. The arrow misses the adder.
You feel sick. The adder bites you.
* * * LOW HITPOINT WARNING * * *
The adder bites you.
* * * LOW HITPOINT WARNING * * *
You shoot an arrow. The arrow barely misses the adder.
* * * LOW HITPOINT WARNING * * *
You feel sick. The adder bites you but does no damage. The adder bites you.
You die...

......#.#.#.###..#.#.......#
.....<#.#.#.###..#......†..#
..........#......#.#..####.###.##
.#....).....###..†...............
.##....####......#.......#.######
#..... ...####.#.......#.# ...#
#†# #.##.<..# #S# #.###.### #@#
..... #.# ###.## ..# ### ...#
....# #.#..# #.##.# # ...


You could see an adder.

Vanquished Creatures
  2 bats (D:2)
  5 endoplasms
  4 goblins
  2 hobgoblins
  6 jackals
  2 quokkas (D:1)
  A ball python (D:2)
  3 kobolds (D:1)
  4 rats
29 creatures vanquished.

Notes
Turn   | Place    | Note
-------+----------+-------------------------------------------
     0 | D:1      | dolemite99 the Hill Orc Hunter began the quest for the Orb.
     0 | D:1      | Reached XP level 1. HP: 18/18 MP: 1/1
    75 | D:1      | Reached skill level 4 in Ranged Weapons
    75 | D:1      | Reached XP level 2. HP: 25/25 MP: 2/2
   811 | D:2      | Reached XP level 3. HP: 30/30 MP: 3/3
   949 | D:2      | Slain by an adder

Illustrated notes

Levels and vault maps discovered:
D:1:      eino_arrival_water_star, layout_basic, dreamdust_mushroom_princess,
          serial_park_tiny_2, grunt_decor_clamped
D:2:      layout_basic

Skill      XL: |  1 |
---------------+----+-----
Ranged Weapons | 4 |  4.6
Fighting       | |  2.4
Dodging        | |  1.5
Stealth        | |  0.7

Action                     || total
---------------------------++-------
   Fire: Shortbow          ||    80
 Armour: Leather armour    ||    21
  Dodge: Dodged            ||    36

Table legend: (Time is in decaauts)
 A = Elapsed time spent in this place.
 B = Non-inter-level travel time spent in this place.
 C = Inter-level travel time spent in this place.
 D = Time resting spent in this place.
 E = Time spent auto-exploring this place.
 F = Levels seen in this place.
 G = Mean time per level.
                   A        B        C        D        E       F      G
               +--------+--------+--------+--------+--------+-----+--------+
         Total |    974 |    967 |      7 |      0 |    773 |   2 |  487.0 |
       Dungeon |    974 |    967 |      7 |      0 |    773 |   2 |  487.0 |
               +--------+--------+--------+--------+--------+-----+--------+

Top non-repeatable levels by time:
     D:1: 811 daAuts
     D:2: 162 daAuts
